 Dungeon Crawl Stone Soup version 0.27-a0-732-ga892ba84f6 (webtiles) character file.

Game seed: 12273688550146738570

4574 rageheart7 the Basher (level 10, -1/83 HPs)
             Began as a Demonspawn Abyssal Knight on Mar 23, 2021.
             Was a High Priest of Lugonu.
             Slain by a death yak (21 damage)
             ... on level 8 of the Dungeon.
             The game lasted 00:13:08 (9560 turns).

rageheart7 the Basher (Demonspawn Abyssal Knight)   Turns: 9560, Time: 00:13:08

Health: -1/83      AC: 12    Str: 16    XL:     10   Next: 18%
Magic:  11/11      EV: 10    Int: 14    God:    Lugonu [*****.]
Gold:   405        SH:  0    Dex: 14    Spells: 9/9 levels left

rFire    + . .     SeeInvis +   p - +1 whip (elec)
rCold    + + .     Faith    .   (no shield)
rNeg     + . .     Spirit   .   l - +1 ring mail {rN+}
rPois    +         Reflect  .   (helmet restricted)
rElec    +         Harm     .   h - +0 cloak
rCorr    +         Rampage  +   v - +1 pair of gloves of Morality {rC+ Regen+}
Will     .....     Clarity  +   c - +2 pair of boots {rampage}
Stlth    +.........             (no amulet)
HPRegen  1.23/turn              (no ring)
MPRegen  0.12/turn              (no ring)

@: silenced, resistant
A: antennae 1, thin skeletal structure 1, spiny 1, demonic magic 3, see
invisible, clarity
a: Renounce Religion


You were on level 8 of the Dungeon.
You worshipped Lugonu.
Lugonu was extremely pleased with you.
You visited 1 branch of the dungeon, and saw 8 of its levels.
You visited the Abyss 1 time.
You also visited: Sewer.

You collected 405 gold pieces.

Inventory:

Hand Weapons
 e - a +1 mace of protection
 p - a +1 whip of electrocution (weapon)
 s - the +5 war axe of Sietyaph {flame, Will+}
   (You found it on level 5 of the Dungeon)

   It has been specially enchanted to burn those struck by it, causing extra
   injury to most foes and up to half again as much damage against particularly
   susceptible opponents.
   Big, fiery blades are also staple armaments of hydra-hunters.
   It affects your willpower, your defense against some magical effects.
Armour
 c - a +2 pair of boots of rampaging (worn)
 h - a +0 cloak (worn)
 k - a +0 helmet
 l - a +1 ring mail of positive energy (worn)
 v - the +1 pair of gloves of Morality (worn) {rC+ Regen+}
   (You acquired it on level 6 of the Dungeon)

   It protects you from cold.
   It increases your rate of regeneration.
Jewellery
 B - a ring of ice
 E - a +6 ring of intelligence
Wands
 b - a wand of charming (15)
 z - a wand of mindburst (9)
Scrolls
 d - a scroll of blinking
 f - 2 scrolls of amnesia
 j - a scroll of fog
 q - 2 scrolls of teleportation {unknown}
 t - 2 scrolls of random uselessness {unknown}
 w - 2 scrolls of enchant armour {unknown}
 x - 2 scrolls of identify
 y - a scroll of brand weapon {unknown}
 C - a scroll of magic mapping
 D - a scroll of fear {unknown}
Potions
 g - 6 potions of flight
 i - a potion of brilliance
 m - 2 potions of magic
 n - a potion of cancellation
 o - 2 potions of mutation
 r - a potion of lignification


   Skills:
 * Level 9.1 Fighting
 * Level 11.0 Maces & Flails
 + Level 2.8 Armour
 - Level 0.8 Dodging
 + Level 2.4 Invocations


You had 9 spell levels left.
You didn't know any spells.
Your spell library contained the following spells:

 Spells                   Type           Power      Damage    Failure   Level
 Animate Skeleton         Necr           0%         N/A       47%         1
 Apportation              Tloc           0%         N/A       47%         1
 Corona                   Hex            0%         N/A       47%         1
 Summon Small Mammal      Summ           0%         N/A       47%         1


Dungeon Overview and Level Annotations

Branches:
Dungeon (8/15)             Temple (0/1) D:6           Sewer (visited)
   Lair: D:8-11

Altars:
Dithmenos
Fedhas


Innate Abilities, Weirdness & Mutations

You have a pair of small antennae on your head.
You have a somewhat thin skeletal structure. (Dex +2, Stealth)
You are partially covered in sharp spines.
Spells you cast and wands you use may paralyse nearby enemies.
You have supernaturally acute eyesight. (SInv)
You possess an exceptional clarity of mind.


Message History

A gnoll comes into view. It is wielding a +0 whip.
You barely miss the death yak.
The death yak is moderately wounded.
The death yak gores you but does no damage.
You whack the death yak!
The death yak is moderately wounded.
You hit the death yak but do no damage.
The death yak is moderately wounded.
The death yak gores you.
* * * LOW HITPOINT WARNING * * *
You hit the death yak.
The death yak is heavily wounded.
The orc priest casts a cantrip, but nothing happens.
You hit the death yak but do no damage.
Lightning courses through the death yak!
The death yak is heavily wounded.
The death yak gores you!
* * * LOW HITPOINT WARNING * * *
As you read the scroll of fog, it crumbles to dust.
The scroll dissolves into smoke.
The death yak gores you but does no damage.
You hit the death yak but do no damage.
The death yak is heavily wounded.
You completely miss the death yak.
The death yak is heavily wounded.
You feel less wooden.
Your +0 cloak unmelds from your body.
The +1 pair of gloves of Morality {rC+ Regen+} unmelds from your body.
Your +2 pair of boots of rampaging unmelds from your body.
Your +1 ring mail of positive energy unmelds from your body.
You feel ready to rampage towards enemies.
You feel more protected from negative energy.
The death yak gores you but does no damage.
Blink to where?
Press: ? - help, Dir - move target, p - death yak
Okay, then.
Found an escape hatch in the floor.
As you read the scroll of silence, it crumbles to dust.
A profound silence engulfs you. The death yak gores you!!
You die...

#####.# ..Y..
#.######Yo##
#...og.....#
####o####......
.>.#g# #####
#.##§# #.##§#
#.##o# #@##§#
#§Yo§# ######


You could see a death yak and an orc priest.

Vanquished Creatures
  2 death yaks (D:8)
  Eustachio (D:5)
  Menkaure (D:7)
  An orc warrior (D:8)
  2 ice beasts
  4 ogres
  3 centaurs
  A phantom (D:7)
  2 kobold brigands (Sewer)
  Blork the orc (D:5)
  8 bullfrogs
  A water moccasin skeleton (D:6)
  4 killer bees (D:7)
  A bullfrog zombie (D:7)
  A centaur zombie (D:6)
  2 jellies
  4 orc priests
  3 hounds
  Natasha (thrice) (D:2)
  5 iguanas
  6 orc wizards
  9 worker ants
  Robin (D:3)
  A howler monkey skeleton (D:7)
  11 adders
  2 shadow imps
  2 white imps (D:5)
  An ufetubus (D:7)
  6 worms
  15 orcs
  10 ball pythons
  8 giant cockroaches
  15 goblins
  5 hobgoblins
  16 jackals
  13 kobolds
  9 oozes
  12 quokkas
  5 bats
  10 frilled lizards
  A giant cockroach zombie (D:5)
  A jackal zombie (D:7)
  A quokka zombie (D:5)
  7 rats
217 creatures vanquished.

Notes
Turn   | Place    | Note
-------+----------+-------------------------------------------
     0 | Abyss:1  | rageheart7 the Demonspawn Abyssal Knight began the quest
                  | for the Orb.
     0 | Abyss:1  | Reached XP level 1. HP: 18/18 MP: 2/2
    41 | Abyss:1  | Noticed a small abomination
    42 | D:1      | Escaped the Abyss
   288 | D:1      | Reached * piety under Lugonu
   294 | D:1      | Reached skill level 2 in Maces & Flails
   311 | D:1      | Gained mutation: Spells you cast may paralyse adjacent
                  | enemies. [demonic ancestry]
   311 | D:1      | Reached XP level 2. HP: 22/24 MP: 3/3
   826 | D:1      | Gained mutation: You are partially covered in sharp spines.
                  | [demonic ancestry]
   826 | D:1      | Reached XP level 3. HP: 30/30 MP: 4/4
  1304 | D:2      | Reached ** piety under Lugonu
  1406 | D:2      | Noticed Natasha
  1417 | D:2      | HP: 1/30 [Natasha (9)]
  1419 | D:2      | Killed Natasha
  1420 | D:2      | Reached skill level 3 in Maces & Flails
  1420 | D:2      | Gained mutation: Spells you cast may paralyse nearby
                  | enemies. [demonic ancestry]
  1420 | D:2      | Reached XP level 4. HP: 2/37 MP: 5/5
  1502 | D:2      | Noticed Natasha
  1515 | D:2      | Killed Natasha
  1597 | D:2      | Noticed Natasha
  1679 | D:2      | Killed Natasha
  1704 | D:2      | Gained mutation: You have a somewhat thin skeletal
                  | structure. (Dex +2, Stealth) [demonic ancestry]
  1704 | D:2      | Reached XP level 5. HP: 11/43 MP: 6/6
  1731 | D:2      | HP: 2/43 [worker ant (7)]
  2168 | D:2      | You fall into a shaft and drop 2 floors!
  2268 | D:4      | Reached skill level 4 in Maces & Flails
  2461 | D:3      | Noticed Robin
  2475 | D:3      | Killed Robin
  2486 | D:3      | Reached skill level 5 in Fighting
  2638 | D:3      | Reached *** piety under Lugonu
  3000 | D:2      | Reached XP level 6. HP: 51/51 MP: 7/7
  3381 | D:3      | Reached skill level 5 in Maces & Flails
  3384 | D:3      | Gained mutation: You have supernaturally acute eyesight.
                  | (SInv) [potion of mutation]
  3384 | D:3      | Gained mutation: You possess an exceptional clarity of
                  | mind. [potion of mutation]
  3970 | D:4      | Gained mutation: You have a pair of small antennae on your
                  | head. [demonic ancestry]
  3970 | D:4      | Reached XP level 7. HP: 37/56 MP: 6/8
  4684 | D:5      | Entered Level 5 of the Dungeon
  4692 | D:5      | Found a glowing drain.
  4704 | Sewer    | Entered a sewer
  5095 | Sewer    | Reached skill level 6 in Maces & Flails
  5392 | D:5      | Noticed Blork the orc
  5403 | D:5      | Killed Blork the orc
  5515 | D:5      | Noticed Eustachio
  5533 | D:5      | Killed Eustachio
  5534 | D:5      | Reached skill level 7 in Maces & Flails
  5534 | D:5      | Reached XP level 8. HP: 21/65 MP: 9/9
  6194 | D:5      | Identified the +5 war axe of Sietyaph {flame, Will+}
  7154 | D:6      | Found a staircase to the Ecumenical Temple.
  7240 | D:6      | Reached skill level 8 in Maces & Flails
  7459 | D:6      | Reached **** piety under Lugonu
  7942 | D:6      | Found a shadowy altar of Dithmenos.
  8056 | D:6      | Gained mutation: Spells you cast and wands you use may
                  | paralyse nearby enemies. [demonic ancestry]
  8056 | D:6      | Reached XP level 9. HP: 65/72 MP: 10/10
  8060 | D:6      | Reached skill level 9 in Maces & Flails
  8306 | D:7      | Noticed Menkaure
  8314 | D:7      | Killed Menkaure
  8466 | D:6      | Identified 2 scrolls of acquirement
  8466 | D:6      | Acquired the +1 pair of gloves of Morality {rC+ Regen+}
  8473 | D:6      | Acquired a +2 pair of boots of rampaging
  8790 | D:7      | Found a blossoming altar of Fedhas.
  8867 | D:7      | Reached skill level 10 in Maces & Flails
  9249 | D:8      | Reached ***** piety under Lugonu
  9480 | D:8      | Noticed a death yak
  9481 | D:8      | Noticed a death yak
  9506 | D:8      | Noticed a death yak
  9517 | D:8      | Killed a death yak
  9518 | D:8      | Reached XP level 10. HP: 68/82 MP: 11/11
  9541 | D:8      | Killed a death yak
  9542 | D:8      | Reached skill level 11 in Maces & Flails
  9560 | D:8      | Slain by a death yak

Illustrated notes

Levels and vault maps discovered:
D:1:      tarquinn_simple_flora_water_f, layout_rooms
D:2:      layout_basic, uniq_natasha
D:3:      layout_rooms, uniq_robin
D:4:      layout_basic
D:5:      layout_basic, portal_sewer_entry_d, st_stairs_3, minmay_holes,
          eino_tiny_chamber, uniq_blork_the_orc, uniq_eustachio
D:6:      layout_cave_pods, minmay_temple_entry_nine_rooms,
          grunt_dithmenos_smoke
D:7:      layout_cave_pools, fedhas_altar_2, uniq_menkaure
D:8:      layout_basic, dpeg_lair_monsters

Skill      XL: |  1  2  3  4  5  6  7  8  9 10 |
---------------+-------------------------------+-----
Maces & Flails | 2 3 4 5 7 8 10 11 | 11.0
Fighting       | 4 5 6 7 8 9 |  9.1
Armour         | 2 |  2.8
Dodging        | |  0.8
Invocations    | |  2.4

Action                   |  1- 3 |  4- 6 |  7- 9 | 10-12 || total
-------------------------+-------+-------+-------+-------++-------
Melee: Mace              |   101 |   160 |    62 |       ||   323
       Whip              |       |       |   342 |    35 ||   377
Invok: Depart the Abyss  |     1 |       |       |       ||     1
       Bend Space        |       |     1 |       |       ||     1
Evoke: Wand              |       |       |       |     1 ||     1
  Use: Potion            |       |     6 |     5 |     1 ||    12
       Scroll            |       |     3 |     7 |     2 ||    12
 Stab: Sleeping          |       |     4 |     5 |       ||     9
Armor: Leather armour    |    44 |    11 |       |       ||    55
       Ring mail         |       |    67 |   103 |     1 ||   171
       Skin              |       |       |     7 |     8 ||    15
Dodge: Dodged            |    67 |    95 |   129 |     2 ||   293

Table legend: (Time is in decaauts)
 A = Elapsed time spent in this place.
 B = Non-inter-level travel time spent in this place.
 C = Inter-level travel time spent in this place.
 D = Time resting spent in this place.
 E = Time spent auto-exploring this place.
 F = Levels seen in this place.
 G = Mean time per level.
                   A        B        C        D        E       F      G
               +--------+--------+--------+--------+--------+-----+--------+
         Total |   9585 |   9225 |    360 |   1477 |   6225 |  10 |  958.5 |
       Dungeon |   8855 |   8495 |    360 |   1306 |   5808 |   8 | 1106.9 |
         Abyss |     42 |     42 |      0 |      0 |     39 |   1 |   42.0 |
         Sewer |    687 |    687 |      0 |    171 |    378 |   1 |  687.0 |
               +--------+--------+--------+--------+--------+-----+--------+

Top non-repeatable levels by time:
     D:5: 1711 daAuts
     D:1: 1454 daAuts
     D:6: 1425 daAuts
     D:4: 1264 daAuts
     D:2: 1227 daAuts
     D:3: 770 daAuts
   Sewer: 687 daAuts
     D:7: 588 daAuts
     D:8: 414 daAuts
 Abyss:1: 42 daAuts
